 Dungeon Crawl Stone Soup version 0.24-a0-312-g16217b4a02 (webtiles) character file.

Game seed: 16709342811899883507

5 Esekla the Magician (level 1, 0/11 HPs)
             Began as an Octopode Wizard on May 14, 2019.
             Slain by a kobold (2 damage)
             ... on level 1 of the Dungeon.
             The game lasted 00:01:17 (177 turns).

Esekla the Magician (Octopode Wizard)                Turns: 177, Time: 00:01:18

Health: 0/11       AC:  1    Str:  6    XL:     1   Next: 80%
Magic:  4/4        EV: 13    Int: 20    God:
Gold:   0          SH:  0    Dex: 10    Spells: 5/6 levels left

rFire    . . .     SeeInvis .   d - +0 dagger
rCold    . . .     Gourm    .   (no shield)
rNeg     . . .     Faith    .   a - +0 hat
rPois    .         Spirit   .   (no amulet)
rElec    .         Reflect  .   (no ring)
rCorr    .         Harm     .   (no ring)
MR       .....                  (no ring)
Stlth    +++.......             (no ring)
HPRegen  0.03/turn              (no ring)
MPRegen  0.09/turn              (no ring)
                                (no ring)
                                (no ring)

@: no status effects
A: almost no armour, stealthy swim, amphibious, 8 rings, constrict 8, camouflage
1, gelatinous body 1
a: no special abilities


You were on level 1 of the Dungeon.
You were not hungry.

You visited 1 branch of the dungeon, and saw 1 of its levels.

Inventory:

Hand Weapons
 d - a +0 dagger (weapon)
Armour
 a - a +0 hat (worn)
Scrolls
 b - a scroll of fear {unknown}
Comestibles
 c - a ration


   Skills:
 + Level 2.0 Dodging
 - Level 2.6 Stealth
 + Level 3.1 Spellcasting
 * Level 1.4 Conjurations
   Level 1.0 Summonings
   Level 1.0 Translocations


You had 5 spell levels left.
You knew the following spells:

 Your Spells              Type           Power        Failure   Level  Hunger
a - Magic Dart            Conj           #...         8%          1    None

Your spell library contained the following spells:

 Spells                   Type           Power        Failure   Level  Hunger
 Blink                    Tloc           N/A          14%         2    ##.....
 Call Imp                 Summ           #.......     14%         2    ##.....
 Slow                     Hex            #.......     22%         2    ##.....
 Conjure Flame            Conj/Fire      #.......     32%         3    ###....
 Mephitic Cloud           Conj/Pois/Air  #.......     34%         3    ###....


Dungeon Overview and Level Annotations

Branches:
Dungeon (1/15)

Altars:


Innate Abilities, Weirdness & Mutations

You cannot wear most types of armour.
You are very stealthy in the water. (Stealth+)
You are amphibious.
You can wear up to eight rings at the same time.
You can use your tentacles to constrict eight enemies at once.
Your skin changes colour to match your surroundings (Stealth+).
Your rubbery body absorbs attacks. (AC +1, EV +1)


Message History

The kobold hits you.
You hit the kobold but do no damage. You grab the kobold.
You constrict the kobold, but do no damage.
A bat comes into view.
The kobold hits you.
You hit the kobold.
The kobold is moderately wounded.
You constrict the kobold, but do no damage.
The kobold hits you.
You hit the kobold but do no damage.
The kobold is moderately wounded.
You constrict the kobold. The bat hits you but does no damage.
The kobold hits you.
* * * LOW HITPOINT WARNING * * *
A giant cockroach comes into view.
A ball python comes into view.
You hit the kobold but do no damage.
The kobold is heavily wounded.
You constrict the kobold. The bat hits you but does no damage.
The kobold hits you.
You die...

# #..# #. ...#
#.#######...#
.#...........#
.............
.S.........#
#.s...b...#
#..K@...#
#...†...#
#.......#+##
#..........#
###........#
#........#
###........#
#†.........#
#.###.)....#


You could see a giant cockroach, a bat, a ball python and a kobold.

Vanquished Creatures
  A goblin (D:1)
  2 hobgoblins (D:1)
  2 bats (D:1)
5 creatures vanquished.

Notes
Turn   | Place    | Note
-------+----------+-------------------------------------------
     0 | D:1      | Esekla the Octopode Wizard began the quest for the Orb.
     0 | D:1      | Reached XP level 1. HP: 11/11 MP: 4/4
   177 | D:1      | Slain by a kobold

Levels and vault maps discovered:
D:1:      roderic_chinese_lattice_arrival, layout_basic

Action                   || total
-------------------------++-------
Melee: Dagger            ||    20
       Constrict         ||     4
       Tentacles         ||     1
 Cast: Magic Dart        ||     1
Armor: Skin              ||     3
Dodge: Dodged            ||    12

Table legend:
 A = Non-vault XP
 B = Vault XP
 C = Vault XP percentage of total XP
 D = Non-vault monster count
 E = Vault monster count
 F = Vault count percentage of total count
                 A         B        C        D         E       F
            +---------+---------+-------+---------+---------+-------
      Total |       8 |       0 |   0.0 |       5 |       0 |   0.0
            +---------+---------+-------+---------+---------+-------
        D:1 |       8 |       0 |   0.0 |       5 |       0 |   0.0
            +---------+---------+-------+---------+---------+-------
